Workbook
Name ___xlnm_Database: NA()
Name ___xlnm_Print_Area: 'Cronograma Proponente'!$A$1:$O$58
Name ___xlnm_Print_Titles: 'Cronograma Proponente'!$4:$5
Name __xlfn_CONCAT: #REF!
Name DESONERACAO: IF(OR('Cronograma Proponente'!Import_Desoneracao="DESONERADO",'Cronograma Proponente'!Import_Desoneracao="SIM"),"SIM","NÃO")
Name DESONERACAO: IF(OR(Import_Desoneracao="DESONERADO",Import_Desoneracao="SIM"),"SIM","NÃO")
Name Excel_BuiltIn_Print_Area_2: NA()
Name Excel_BuiltIn_Print_Titles_2: NA()
Name Excel_BuiltIn_Print_Titles_2_1: NA()
Name Excel_BuiltIn_Print_Titles_3: NA()
Name Import_Desoneracao: #N/A
Name Import_Desoneracao: #REF!
Name ITEM05: '[2]Planilha Referencial'!#REF!
Name ITEM05: '[2]Planilha Referencial'!#REF!
Name ITEM06: '[2]Planilha Referencial'!#REF!
Name ITEM06: '[2]Planilha Referencial'!#REF!
Name ITEM07: '[2]Planilha Referencial'!#REF!
Name ITEM07: '[2]Planilha Referencial'!#REF!
Name ITEM08: '[2]Planilha Referencial'!#REF!
Name ITEM08: '[2]Planilha Referencial'!#REF!
Name ITEM09: '[2]Planilha Referencial'!#REF!
Name ITEM09: '[2]Planilha Referencial'!#REF!
Name ITEM10: '[2]Planilha Referencial'!#REF!
Name ITEM10: '[2]Planilha Referencial'!#REF!
Name ITEM11: '[2]Planilha Referencial'!#REF!
Name ITEM11: '[2]Planilha Referencial'!#REF!
Name ORÇAMENTO_BancoRef: "planilha!#ref!"
Name REFERENCIA_Descricao: IF(ISNUMBER('[3]Planilha Referencial'!$AC1),OFFSET(INDIRECT(ORÇAMENTO_BancoRef),'[3]Planilha Referencial'!$AC1-1,3,1),'[3]Planilha Referencial'!$AC1)
Name REFERENCIA_Unidade: IF(ISNUMBER('[3]Planilha Referencial'!$AC1),OFFSET(INDIRECT(ORÇAMENTO_BancoRef),'[3]Planilha Referencial'!$AC1-1,4,1),"-")
Name REFERENCIA_Unidade: NA()
Name SomaAgrup: SUMIF(OFFSET(#REF!,1,0,#REF!),"S",OFFSET(#REF!,1,0,#REF!))
Name SomaAgrup: SUMIF(OFFSET(#REF!,1,0,#REF!),"S",OFFSET(#REF!,1,0,#REF!))
Name VTOTAL1: ROUND(#REF!*#REF!,15-13*#REF!)
Name VTOTAL1: ROUND(#REF!*#REF!,15-13*#REF!)

Sheet PLANILHA
A1: PREFEITURA DE JUIZ DE FORA
A2: SECRETARIA DE OBRAS
A3: SUBSECRETARIA DE GESTÃO DE OBRAS E PROJETOS
A4: PLANILHA ORÇAMENTÁRIA PROPONENTE
A5: OBRA: UBS VALADARES - JUIZ DE FORA - MG | E5: DATA: Set. /2026 | G5: BDI ONERADO: | I5: ='Comp. BDI'!B27 -> 0.2366
G6: BDI DIFERENCIADO: | I6: ='Comp. BDI'!B51 -> 0.1432
A7: PROPONENTE: | E7: CNPJ:
A8: DESCONTO CONCEDIDO:
A9: ITEM | B9: REF. ONERADA SINAPI 07/2026 SICOR 04/2026 DNIT 04/2026 SUDECAP 04/2026 EXTRA 04/2026 URBEL 04/2026 | D9: DESCRIÇÃO | E9: UNID. | F9: QUANT. | G9: PREÇO UNITÁRIO SEM BDI | H9: PREÇO UNITÁRIO COM BDI | I9: PREÇO TOTAL COM BDI | K9: PREÇO UNITÁRIO SEM BDI (REFERENCIAL)
A10: VALOR TOTAL COM BDI ONERADO = 23,66% | I10: =I11 -> 1860380.9
D11: UBS VALADARES | I11: =I12+I24+I47+I133+I219+I234+I358+I436+I460+I493+I499+I518+I544+I547 -> 1860380.9
A12: 01 | D12: SERVIÇOS PRELIMINARES | I12: =SUM(I13:I23) -> 99327.74
A13: 01.01 | B13: SINAPI | C13: 103689 | D13: =UPPER(IFERROR(VLOOKUP($C13,INDIRECT(INDEX([4]CONFIG_BASES!A:Z,MATCH($D13,[4]CONFIG_BASES!#REF!,0),MATCH([4]RESUMO!$P$11,[4]CONFIG_BASES!$B$1:$AA$1,0))),3,FALSE),"")) -> FORNECIMENTO E INSTALAÇÃO DE PLACA DE OBRA COM CHAPA GALVANIZADA E ESTRUTURA DE MADEIRA. AF_03/2022_PS | E13: M2 | F13: 6.5 | G13: =K13*(1-I$8) -> 384.3 | H13: =IFERROR(G13*(1+$I$5),"") -> 475.22538 | I13: =IFERROR(TRUNC($F13*H13,2),"") -> 3088.96 | K13: 384.3
A14: 01.02 | B14: SICOR | C14: ED-50137 | D14: =UPPER(IFERROR(VLOOKUP($C14,INDIRECT(INDEX([4]CONFIG_BASES!A:Z,MATCH($D14,[4]CONFIG_BASES!#REF!,0),MATCH([4]RESUMO!$P$11,[4]CONFIG_BASES!$B$1:$AA$1,0))),3,FALSE),"")) -> MOBILIZAÇÃO E DESMOBILIZAÇÃO DE CONTAINER, INCLUSIVE CARGA, DESCARGA E TRANSPORTE EM CAMINHÃO CARROCERIA COM GUINDAUTO (MUNCK), EXCLUSIVE LOCAÇÃO DO CONTAINER | E14: UN | F14: 3 | G14: =K14*(1-I$8) -> 1785.28 | H14: =IFERROR(G14*(1+$I$5),"") -> 2207.6772 | I14: =IFERROR(TRUNC($F14*H14,2),"") -> 6623.03 | K14: 1785.28
A15: 01.03 | B15: SICOR | C15: ED-16349 | D15: =UPPER(IFERROR(VLOOKUP($C15,INDIRECT(INDEX([4]CONFIG_BASES!A:Z,MATCH($D15,[4]CONFIG_BASES!#REF!,0),MATCH([4]RESUMO!$P$11,[4]CONFIG_BASES!$B$1:$AA$1,0))),3,FALSE),"")) -> LOCAÇÃO DE CONTAINER COM ISOLAMENTO TÉRMICO, TIPO 2, PARA ESCRITÓRIO DE OBRA COM SANITÁRIO CONTENDO UM (1) VASO SANITÁRIO E UM (1) LAVATÓRIO, COM MEDIDAS REFERENCIAIS DE (6) METROS COMPRIMENTO, (2,3) METROS LARGURA E (2,5) METROS ALTURA ÚTIL INTERNA, INCLUSIVE AR CONDICIONADO E LIGAÇÕES ELÉTRICAS E HIDROSSANITÁRIAS INTERNAS, EXCLUSIVE MOBILIZAÇÃO/DESMOBILIZAÇÃO E LIGAÇÕES PROVISÓRIAS EXTERNAS | E15: MÊS | F15: 10 | G15: =K15*(1-I$8) -> 1630.56 | H15: =IFERROR(G15*(1+$I$6),"") -> 1864.0562 | I15: =IFERROR(TRUNC($F15*H15,2),"") -> 18640.56 | K15: 1630.56
A16: 01.04 | B16: SICOR | C16: ED-16353 | D16: =UPPER(IFERROR(VLOOKUP($C16,INDIRECT(INDEX([4]CONFIG_BASES!A:Z,MATCH($D16,[4]CONFIG_BASES!#REF!,0),MATCH([4]RESUMO!$P$11,[4]CONFIG_BASES!$B$1:$AA$1,0))),3,FALSE),"")) -> LOCAÇÃO DE CONTAINER COM ISOLAMENTO TÉRMICO, TIPO 6, PARA VESTIÁRIO DE OBRA COM SETE (7) VASOS SANITÁRIOS, UM (1) MICTÓRIO E UM (1) LAVATÓRIO, COM MEDIDAS REFERENCIAIS DE (6) METROS COMPRIMENTO, (2,3) METROS LARGURA E (2,5) METROS ALTURA ÚTIL INTERNA, INCLUSIVE LIGAÇÕES ELÉTRICAS E HIDROSSANITÁRIAS INTERNAS, EXCLUSIVE MOBILIZAÇÃO/DESMOBILIZAÇÃO E LIGAÇÕES PROVISÓRIAS EXTERNAS | E16: MÊS | F16: 10 | G16: =K16*(1-I$8) -> 2209.92 | H16: =IFERROR(G16*(1+$I$6),"") -> 2526.3805 | I16: =IFERROR(TRUNC($F16*H16,2),"") -> 25263.8 | K16: 2209.92
A17: 01.05 | B17: SICOR | C17: ED-16350 | D17: =UPPER(IFERROR(VLOOKUP($C17,INDIRECT(INDEX([4]CONFIG_BASES!A:Z,MATCH($D17,[4]CONFIG_BASES!#REF!,0),MATCH([4]RESUMO!$P$11,[4]CONFIG_BASES!$B$1:$AA$1,0))),3,FALSE),"")) -> LOCAÇÃO DE CONTAINER COM ISOLAMENTO TÉRMICO, TIPO 3, PARA DEPÓSITO/FERRAMENTARIA DE OBRA, COM MEDIDAS REFERENCIAIS DE (6) METROS COMPRIMENTO, (2,3) METROS LARGURA E (2,5) METROS ALTURA ÚTIL INTERNA, INCLUSIVE LIGAÇÕES ELÉTRICAS INTERNAS, EXCLUSIVE MOBILIZAÇÃO/DESMOBILIZAÇÃO E LIGAÇÕES PROVISÓRIAS EXTERNAS | E17: MÊS | F17: 10 | G17: =K17*(1-I$8) -> 858.15 | H17: =IFERROR(G17*(1+$I$6),"") -> 981.03708 | I17: =IFERROR(TRUNC($F17*H17,2),"") -> 9810.37 | K17: 858.15
A18: 01.06 | B18: SICOR | C18: ED-16357 | D18: =UPPER(IFERROR(VLOOKUP($C18,INDIRECT(INDEX([4]CONFIG_BASES!A:Z,MATCH($D18,[4]CONFIG_BASES!#REF!,0),MATCH([4]RESUMO!$P$11,[4]CONFIG_BASES!$B$1:$AA$1,0))),3,FALSE),"")) -> LIGAÇÕES PROVISÓRIAS PARA CONTAINER TIPO 2 (CORRESPONDENTE AO CÓDIGO ED-16349) | E18: UN | F18: 1 | G18: =K18*(1-I$8) -> 702.13 | H18: =IFERROR(G18*(1+$I$5),"") -> 868.25396 | I18: =IFERROR(TRUNC($F18*H18,2),"") -> 868.25 | K18: 702.13
A19: 01.07 | B19: SICOR | C19: ED-16361 | D19: =UPPER(IFERROR(VLOOKUP($C19,INDIRECT(INDEX([4]CONFIG_BASES!A:Z,MATCH($D19,[4]CONFIG_BASES!#REF!,0),MATCH([4]RESUMO!$P$11,[4]CONFIG_BASES!$B$1:$AA$1,0))),3,FALSE),"")) -> LIGAÇÕES PROVISÓRIAS PARA CONTAINER TIPO 6 (CORRESPONDENTE AO CÓDIGO ED-16353) | E19: UN | F19: 1 | G19: =K19*(1-I$8) -> 758.59 | H19: =IFERROR(G19*(1+$I$5),"") -> 938.07239 | I19: =IFERROR(TRUNC($F19*H19,2),"") -> 938.07 | K19: 758.59
A20: 01.08 | B20: SICOR | C20: ED-16358 | D20: =UPPER(IFERROR(VLOOKUP($C20,INDIRECT(INDEX([4]CONFIG_BASES!A:Z,MATCH($D20,[4]CONFIG_BASES!#REF!,0),MATCH([4]RESUMO!$P$11,[4]CONFIG_BASES!$B$1:$AA$1,0))),3,FALSE),"")) -> LIGAÇÕES PROVISÓRIAS PARA CONTAINER TIPO 3 (CORRESPONDENTE AO CÓDIGO ED-16350) | E20: UN | F20: 1 | G20: =K20*(1-I$8) -> 363.57 | H20: =IFERROR(G20*(1+$I$5),"") -> 449.59066 | I20: =IFERROR(TRUNC($F20*H20,2),"") -> 449.59 | K20: 363.57
A21: 01.09 | B21: SINAPI | C21: 98459 | D21: =UPPER(IFERROR(VLOOKUP($C21,INDIRECT(INDEX([4]CONFIG_BASES!A:Z,MATCH($D21,[4]CONFIG_BASES!#REF!,0),MATCH([4]RESUMO!$P$11,[4]CONFIG_BASES!$B$1:$AA$1,0))),3,FALSE),"")) -> TAPUME COM TELHA METÁLICA. AF_03/2024 | E21: M2 | F21: 182.1 | G21: =K21*(1-I$8) -> 89.69 | H21: =IFERROR(G21*(1+$I$5),"") -> 110.91065 | I21: =IFERROR(TRUNC($F21*H21,2),"") -> 20196.83 | K21: 89.69
A22: 01.10 | B22: SINAPI | C22: 20193 | D22: =UPPER(IFERROR(VLOOKUP($C22,INDIRECT(INDEX([4]CONFIG_BASES!A:Z,MATCH($D22,[4]CONFIG_BASES!#REF!,0),MATCH([4]RESUMO!$P$11,[4]CONFIG_BASES!$B$1:$AA$1,0))),3,FALSE),"")) -> LOCACAO DE ANDAIME METALICO TIPO FACHADEIRO, PECAS COM APROXIMADAMENTE 1,20 M DE LARGURA E 2,0 M DE ALTURA, INCLUINDO DIAGONAIS EM X, BARRAS DE LIGACAO, SAPATAS E DEMAIS ITENS NECESSARIOS A MONTAGEM (NAO INCLUI INSTALACAO) | E22: M2XMES | F22: 450 | G22: =K22*(1-I$8) -> 18 | H22: =IFERROR(G22*(1+$I$6),"") -> 20.5776 | I22: =IFERROR(TRUNC($F22*H22,2),"") -> 9259.92 | K22: 18
A23: 01.11 | B23: SINAPI | C23: 97063 | D23: =UPPER(IFERROR(VLOOKUP($C23,INDIRECT(INDEX([4]CONFIG_BASES!A:Z,MATCH($D23,[4]CONFIG_BASES!#REF!,0),MATCH([4]RESUMO!$P$11,[4]CONFIG_BASES!$B$1:$AA$1,0))),3,FALSE),"")) -> MONTAGEM E DESMONTAGEM DE ANDAIME MODULAR FACHADEIRO, COM PISO METÁLICO, PARA EDIFÍCIOS COM MULTIPLOS PAVIMENTOS (EXCLUSIVE ANDAIME E LIMPEZA). AF_03/2024 | E23: M2 | F23: 150 | G23: =K23*(1-I$8) -> 22.58 | H23: =IFERROR(G23*(1+$I$5),"") -> 27.922428 | I23: =IFERROR(TRUNC($F23*H23,2),"") -> 4188.36 | K23: 22.58
A24: 02 | D24: DEMOLIÇÕES E REMOÇÕES | I24: =SUM(I25:I46) -> 95673.24
A25: 02.01 | B25: SINAPI | C25: 97625 | D25: =UPPER(IFERROR(VLOOKUP($C25,INDIRECT(INDEX([4]CONFIG_BASES!A:Z,MATCH($D25,[4]CONFIG_BASES!#REF!,0),MATCH([4]RESUMO!$P$11,[4]CONFIG_BASES!$B$1:$AA$1,0))),3,FALSE),"")) -> DEMOLIÇÃO DE ALVENARIA PARA QUALQUER TIPO DE BLOCO, DE FORMA MECANIZADA, SEM REAPROVEITAMENTO. AF_09/2023 | E25: M3 | F25: 63.15 | G25: =K25*(1-I$8) -> 57.29 | H25: =IFERROR(G25*(1+$I$5),"") -> 70.844814 | I25: =IFERROR(TRUNC($F25*H25,2),"") -> 4473.85 | K25: 57.29
A26: 02.02 | B26: SINAPI | C26: 97634 | D26: =UPPER(IFERROR(VLOOKUP($C26,INDIRECT(INDEX([4]CONFIG_BASES!A:Z,MATCH($D26,[4]CONFIG_BASES!#REF!,0),MATCH([4]RESUMO!$P$11,[4]CONFIG_BASES!$B$1:$AA$1,0))),3,FALSE),"")) -> DEMOLIÇÃO DE REVESTIMENTO CERÂMICO, DE FORMA MECANIZADA COM MARTELETE, SEM REAPROVEITAMENTO. AF_09/2023 | E26: M2 | F26: 126.85 | G26: =K26*(1-I$8) -> 8.55 | H26: =IFERROR(G26*(1+$I$5),"") -> 10.57293 | I26: =IFERROR(TRUNC($F26*H26,2),"") -> 1341.17 | K26: 8.55
A27: 02.03 | B27: SINAPI | C27: 97627 | D27: =UPPER(IFERROR(VLOOKUP($C27,INDIRECT(INDEX([4]CONFIG_BASES!A:Z,MATCH($D27,[4]CONFIG_BASES!#REF!,0),MATCH([4]RESUMO!$P$11,[4]CONFIG_BASES!$B$1:$AA$1,0))),3,FALSE),"")) -> DEMOLIÇÃO DE PILARES E VIGAS EM CONCRETO ARMADO, DE FORMA MECANIZADA COM MARTELETE, SEM REAPROVEITAMENTO. AF_09/2023 | E27: M3 | F27: 0.15 | G27: =K27*(1-I$8) -> 233.41 | H27: =IFERROR(G27*(1+$I$5),"") -> 288.63481 | I27: =IFERROR(TRUNC($F27*H27,2),"") -> 43.29 | K27: 233.41
A28: 02.04 | B28: SINAPI | C28: 97629 | D28: =UPPER(IFERROR(VLOOKUP($C28,INDIRECT(INDEX([4]CONFIG_BASES!A:Z,MATCH($D28,[4]CONFIG_BASES!#REF!,0),MATCH([4]RESUMO!$P$11,[4]CONFIG_BASES!$B$1:$AA$1,0))),3,FALSE),"")) -> DEMOLIÇÃO DE LAJES, EM CONCRETO ARMADO, DE FORMA MECANIZADA COM MARTELETE, SEM REAPROVEITAMENTO. AF_09/2023 | E28: M3 | F28: 42.65 | G28: =K28*(1-I$8) -> 108.7 | H28: =IFERROR(G28*(1+$I$5),"") -> 134.41842 | I28: =IFERROR(TRUNC($F28*H28,2),"") -> 5732.94 | K28: 108.7
A29: 02.05 | B29: SINAPI | C29: 104790 | D29: =UPPER(IFERROR(VLOOKUP($C29,INDIRECT(INDEX([4]CONFIG_BASES!A:Z,MATCH($D29,[4]CONFIG_BASES!#REF!,0),MATCH([4]RESUMO!$P$11,[4]CONFIG_BASES!$B$1:$AA$1,0))),3,FALSE),"")) -> DEMOLIÇÃO DE PISO DE CONCRETO SIMPLES, DE FORMA MECANIZADA COM MARTELETE, SEM REAPROVEITAMENTO. AF_09/2023 | E29: M3 | F29: 15.1 | G29: =K29*(1-I$8) -> 124.56 | H29: =IFERROR(G29*(1+$I$5),"") -> 154.0309 | I29: =IFERROR(TRUNC($F29*H29,2),"") -> 2325.86 | K29: 124.56
A30: 02.06 | B30: SINAPI | C30: 104791 | D30: =UPPER(IFERROR(VLOOKUP($C30,INDIRECT(INDEX([4]CONFIG_BASES!A:Z,MATCH($D30,[4]CONFIG_BASES!#REF!,0),MATCH([4]RESUMO!$P$11,[4]CONFIG_BASES!$B$1:$AA$1,0))),3,FALSE),"")) -> DEMOLIÇÃO DE ARGAMASSAS, DE FORMA DE FORMA MECANIZADA COM MARTELETE, SEM REAPROVEITAMENTO. AF_09/2023 | E30: M2 | F30: 115.2 | G30: =K30*(1-I$8) -> 7.64 | H30: =IFERROR(G30*(1+$I$5),"") -> 9.447624 | I30: =IFERROR(TRUNC($F30*H30,2),"") -> 1088.36 | K30: 7.64
A31: 02.07 | B31: SUDECAP | C31: 02.09.05 | D31: =UPPER(IFERROR(VLOOKUP($C31,INDIRECT(INDEX([4]CONFIG_BASES!A:Z,MATCH($D31,[4]CONFIG_BASES!#REF!,0),MATCH([4]RESUMO!$P$11,[4]CONFIG_BASES!$B$1:$AA$1,0))),3,FALSE),"")) -> DEMOLIÇÃO DE REVESTIMENTO DE PEDRA (MÁRMORE, GRANITO, ARDÓSIA, SÃO TOMÉ, ETC) | E31: M2 | F31: 0.35 | G31: =K31*(1-I$8) -> 24.04 | H31: =IFERROR(G31*(1+$I$5),"") -> 29.727864 | I31: =IFERROR(TRUNC($F31*H31,2),"") -> 10.4 | K31: 24.04
A32: 02.08 | B32: SUDECAP | C32: 02.22.01 | D32: =UPPER(IFERROR(VLOOKUP($C32,INDIRECT(INDEX([4]CONFIG_BASES!A:Z,MATCH($D32,[4]CONFIG_BASES!#REF!,0),MATCH([4]RESUMO!$P$11,[4]CONFIG_BASES!$B$1:$AA$1,0))),3,FALSE),"")) -> REMOÇÃO DE BANCADA DE PEDRA (MÁRMORE, GRANITO, ARDÓSIA, MARMORITE, ETC) | E32: M2 | F32: 3.4 | G32: =K32*(1-I$8) -> 50.51 | H32: =IFERROR(G32*(1+$I$5),"") -> 62.460666 | I32: =IFERROR(TRUNC($F32*H32,2),"") -> 212.36 | K32: 50.51
A33: 02.09 | B33: SICOR | C33: ED-50701 | D33: =UPPER(IFERROR(VLOOKUP($C33,INDIRECT(INDEX([4]CONFIG_BASES!A:Z,MATCH($D33,[4]CONFIG_BASES!#REF!,0),MATCH([4]RESUMO!$P$11,[4]CONFIG_BASES!$B$1:$AA$1,0))),3,FALSE),"")) -> CAPINA MANUAL DO TERRENO, EXCLUSIVE RASTELAMENTO E QUEIMA | E33: M2 | F33: 80.05 | G33: =K33*(1-I$8) -> 1.66 | H33: =IFERROR(G33*(1+$I$5),"") -> 2.052756 | I33: =IFERROR(TRUNC($F33*H33,2),"") -> 164.32 | K33: 1.66
A34: 02.10 | B34: SICOR | C34: ED-48470 | D34: =UPPER(IFERROR(VLOOKUP($C34,INDIRECT(INDEX([4]CONFIG_BASES!A:Z,MATCH($D34,[4]CONFIG_BASES!#REF!,0),MATCH([4]RESUMO!$P$11,[4]CONFIG_BASES!$B$1:$AA$1,0))),3,FALSE),"")) -> REMOÇÃO MANUAL DE METAIS COMUNS E ACABAMENTOS (TORNEIRA, ACABAMENTO PARA REGISTRO, SIFÃO, ENGATE FLEXÍVEL, ETC.), COM REAPROVEITAMENTO, INCLUSIVE AFASTAMENTO E EMPILHAMENTO, EXCLUSIVE TRANSPORTE E RETIRADA DO MATERIAL REMOVIDO NÃO REAPROVEITÁVEL | E34: UN | F34: 16 | G34: =K34*(1-I$8) -> 7.98 | H34: =IFERROR(G34*(1+$I$5),"") -> 9.868068 | I34: =IFERROR(TRUNC($F34*H34,2),"") -> 157.88 | K34: 7.98
A35: 02.11 | B35: SINAPI | C35: 97663 | D35: =UPPER(IFERROR(VLOOKUP($C35,INDIRECT(INDEX([4]CONFIG_BASES!A:Z,MATCH($D35,[4]CONFIG_BASES!#REF!,0),MATCH([4]RESUMO!$P$11,[4]CONFIG_BASES!$B$1:$AA$1,0))),3,FALSE),"")) -> REMOÇÃO DE LOUÇAS, DE FORMA MANUAL, SEM REAPROVEITAMENTO. AF_09/2023 | E35: UN | F35: 20 | G35: =K35*(1-I$8) -> 14.96 | H35: =IFERROR(G35*(1+$I$5),"") -> 18.499536 | I35: =IFERROR(TRUNC($F35*H35,2),"") -> 369.99 | K35: 14.96
A36: 02.12 | B36: SINAPI | C36: 97644 | D36: =UPPER(IFERROR(VLOOKUP($C36,INDIRECT(INDEX([4]CONFIG_BASES!A:Z,MATCH($D36,[4]CONFIG_BASES!#REF!,0),MATCH([4]RESUMO!$P$11,[4]CONFIG_BASES!$B$1:$AA$1,0))),3,FALSE),"")) -> REMOÇÃO DE PORTAS, DE FORMA MANUAL, SEM REAPROVEITAMENTO. AF_09/2023 | E36: M2 | F36: 51.9 | G36: =K36*(1-I$8) -> 11.3 | H36: =IFERROR(G36*(1+$I$5),"") -> 13.97358 | I36: =IFERROR(TRUNC($F36*H36,2),"") -> 725.22 | K36: 11.3
A37: 02.13 | B37: SINAPI | C37: 97645 | D37: =UPPER(IFERROR(VLOOKUP($C37,INDIRECT(INDEX([4]CONFIG_BASES!A:Z,MATCH($D37,[4]CONFIG_BASES!#REF!,0),MATCH([4]RESUMO!$P$11,[4]CONFIG_BASES!$B$1:$AA$1,0))),3,FALSE),"")) -> REMOÇÃO DE JANELAS, DE FORMA MANUAL, SEM REAPROVEITAMENTO. AF_09/2023 | E37: M2 | F37: 18.5 | G37: =K37*(1-I$8) -> 29.17 | H37: =IFERROR(G37*(1+$I$5),"") -> 36.071622 | I37: =IFERROR(TRUNC($F37*H37,2),"") -> 667.32 | K37: 29.17
A38: 02.14 | B38: EXTRA | C38: CPU-002 | D38: =UPPER(IFERROR(VLOOKUP($C38,INDIRECT(INDEX([4]CONFIG_BASES!A:Z,MATCH($D38,[4]CONFIG_BASES!#REF!,0),MATCH([4]RESUMO!$P$11,[4]CONFIG_BASES!$B$1:$AA$1,0))),3,FALSE),"")) -> REMOCAO DE GRADE/GRADIL CHUMBADA S/REAPROV | E38: M2 | F38: 39 | G38: =K38*(1-I$8) -> 56.13 | H38: =IFERROR(G38*(1+$I$5),"") -> 69.410358 | I38: =IFERROR(TRUNC($F38*H38,2),"") -> 2707 | K38: 56.13
A39: 02.15 | B39: SICOR | C39: ED-50699 | D39: =UPPER(IFERROR(VLOOKUP($C39,INDIRECT(INDEX([4]CONFIG_BASES!A:Z,MATCH($D39,[4]CONFIG_BASES!#REF!,0),MATCH([4]RESUMO!$P$11,[4]CONFIG_BASES!$B$1:$AA$1,0))),3,FALSE),"")) -> CORTE DE ÁRVORE COM MOTOSSERRA, DIÂMETRO DO TRONCO ACIMA DE TRINTA (30) CENTÍMETROS ATÉ CINQUENTA (50) CENTÍMETROS, EXCLUSIVE DESTOCAMENTO E AFASTAMENTO | E39: UN | F39: 3 | G39: =K39*(1-I$8) -> 114.06 | H39: =IFERROR(G39*(1+$I$5),"") -> 141.0466 | I39: =IFERROR(TRUNC($F39*H39,2),"") -> 423.13 | K39: 114.06
A40: 02.16 | B40: SICOR | C40: ED-28163 | D40: =UPPER(IFERROR(VLOOKUP($C40,INDIRECT(INDEX([4]CONFIG_BASES!A:Z,MATCH($D40,[4]CONFIG_BASES!#REF!,0),MATCH([4]RESUMO!$P$11,[4]CONFIG_BASES!$B$1:$AA$1,0))),3,FALSE),"")) -> DESTOCAMENTO E AFASTAMENTO DE REMANESCENTE ARBÓREO, INCLUSIVE TRANSPORTE COM RETIRADA DO MATERIAL DESTOCADO (EM CAÇAMBA) | E40: UN | F40: 3 | G40: =K40*(1-I$8) -> 439.11 | H40: =IFERROR(G40*(1+$I$5),"") -> 543.00343 | I40: =IFERROR(TRUNC($F40*H40,2),"") -> 1629.01 | K40: 439.11
A41: 02.17 | B41: SUDECAP | C41: 02.01.01 | D41: =UPPER(IFERROR(VLOOKUP($C41,INDIRECT(INDEX([4]CONFIG_BASES!A:Z,MATCH($D41,[4]CONFIG_BASES!#REF!,0),MATCH([4]RESUMO!$P$11,[4]CONFIG_BASES!$B$1:$AA$1,0))),3,FALSE),"")) -> REMOÇÃO DE TELHA METÁLICA OU PVC, INCLUSIVE EMPILHAMENTO | E41: M2 | F41: 163.75 | G41: =K41*(1-I$8) -> 6.02 | H41: =IFERROR(G41*(1+$I$5),"") -> 7.444332 | I41: =IFERROR(TRUNC($F41*H41,2),"") -> 1219 | K41: 6.02
A42: 02.18 | B42: SUDECAP | C42: 02.03.01 | D42: =UPPER(IFERROR(VLOOKUP($C42,INDIRECT(INDEX([4]CONFIG_BASES!A:Z,MATCH($D42,[4]CONFIG_BASES!#REF!,0),MATCH([4]RESUMO!$P$11,[4]CONFIG_BASES!$B$1:$AA$1,0))),3,FALSE),"")) -> REMOÇÃO DE ENGRADAMENTO DE TELHA METÁLICA OU PVC, INCLUSIVE EMPILHAMENTO | E42: M2 | F42: 163.75 | G42: =K42*(1-I$8) -> 8.09 | H42: =IFERROR(G42*(1+$I$5),"") -> 10.004094 | I42: =IFERROR(TRUNC($F42*H42,2),"") -> 1638.17 | K42: 8.09
A43: 02.19 | B43: SINAPI | C43: 100982 | D43: =UPPER(IFERROR(VLOOKUP($C43,INDIRECT(INDEX([4]CONFIG_BASES!A:Z,MATCH($D43,[4]CONFIG_BASES!#REF!,0),MATCH([4]RESUMO!$P$11,[4]CONFIG_BASES!$B$1:$AA$1,0))),3,FALSE),"")) -> CARGA, MANOBRA E DESCARGA DE ENTULHO EM CAMINHÃO BASCULANTE 10 M³ - CARGA COM ESCAVADEIRA HIDRÁULICA (CAÇAMBA DE 0,80 M³ / 111 HP) E DESCARGA LIVRE (UNIDADE: M3). AF_02/2026 | E43: M3 | F43: 450.2 | G43: =K43*(1-I$8) -> 9.69 | H43: =IFERROR(G43*(1+$I$5),"") -> 11.982654 | I43: =IFERROR(TRUNC($F43*H43,2),"") -> 5394.59 | K43: 9.69
A44: 02.20 | B44: SINAPI | C44: 95875 | D44: =UPPER(IFERROR(VLOOKUP($C44,INDIRECT(INDEX([4]CONFIG_BASES!A:Z,MATCH($D44,[4]CONFIG_BASES!#REF!,0),MATCH([4]RESUMO!$P$11,[4]CONFIG_BASES!$B$1:$AA$1,0))),3,FALSE),"")) -> TRANSPORTE COM CAMINHÃO BASCULANTE DE 10 M³, EM VIA URBANA PAVIMENTADA, DMT ATÉ 30 KM (UNIDADE: M3XKM). AF_02/2026 | E44: M3XKM | F44: 13506 | G44: =K44*(1-I$8) -> 2.77 | H44: =IFERROR(G44*(1+$I$5),"") -> 3.425382 | I44: =IFERROR(TRUNC($F44*H44,2),"") -> 46263.2 | K44: 2.77
A45: 02.21 | B45: SINAPI | C45: 93590 | D45: =UPPER(IFERROR(VLOOKUP($C45,INDIRECT(INDEX([4]CONFIG_BASES!A:Z,MATCH($D45,[4]CONFIG_BASES!#REF!,0),MATCH([4]RESUMO!$P$11,[4]CONFIG_BASES!$B$1:$AA$1,0))),3,FALSE),"")) -> TRANSPORTE COM CAMINHÃO BASCULANTE DE 10 M³, EM VIA URBANA PAVIMENTADA, ADICIONAL PARA DMT EXCEDENTE A 30 KM (UNIDADE: M3XKM). AF_02/2026 | E45: M3XKM | F45: 6708 | G45: =K45*(1-I$8) -> 1.06 | H45: =IFERROR(G45*(1+$I$5),"") -> 1.310796 | I45: =IFERROR(TRUNC($F45*H45,2),"") -> 8792.81 | K45: 1.06
A46: 02.22 | B46: EXTRA | C46: CPU-054 | D46: =UPPER(IFERROR(VLOOKUP($C46,INDIRECT(INDEX([4]CONFIG_BASES!A:Z,MATCH($D46,[4]CONFIG_BASES!#REF!,0),MATCH([4]RESUMO!$P$11,[4]CONFIG_BASES!$B$1:$AA$1,0))),3,FALSE),"")) -> DESTINAÇÃO FINAL DE RESÍDUOS PROVENIENTES DE CONSTRUÇÃO CIVIL EM ATERRO LICENCIADO | E46: M3 | F46: 450.2 | G46: =K46*(1-I$8) -> 20 | H46: =IFERROR(G46*(1+$I$6),"") -> 22.864 | I46: =IFERROR(TRUNC($F46*H46,2),"") -> 10293.37 | K46: 20
A47: 03 | D47: ARQUITETURA | I47: =I48+I63+I77+I91+I97+I100+I106+I110+I113+I131 -> 680232.82
A48: 03.01 | D48: PAREDES | I48: =SUM(I49:I62) -> 313253.98
A49: 03.01.01 | B49: SINAPI | C49: 103353 | D49: =UPPER(IFERROR(VLOOKUP($C49,INDIRECT(INDEX([4]CONFIG_BASES!A:Z,MATCH($D49,[4]CONFIG_BASES!#REF!,0),MATCH([4]RESUMO!$P$11,[4]CONFIG_BASES!$B$1:$AA$1,0))),3,FALSE),"")) -> ALVENARIA DE VEDAÇÃO DE BLOCOS CERÂMICOS FURADOS NA HORIZONTAL DE 9X14X24 CM (ESPESSURA 9 CM) E ARGAMASSA DE ASSENTAMENTO COM PREPARO MANUAL. AF_12/2021 | E49: M2 | F49: 430.5 | G49: =K49*(1-I$8) -> 122.56 | H49: =IFERROR(G49*(1+$I$5),"") -> 151.5577 | I49: =IFERROR(TRUNC($F49*H49,2),"") -> 65245.58 | K49: 122.56
A50: 03.01.02 | B50: SINAPI | C50: 103360 | D50: =UPPER(IFERROR(VLOOKUP($C50,INDIRECT(INDEX([4]CONFIG_BASES!A:Z,MATCH($D50,[4]CONFIG_BASES!#REF!,0),MATCH([4]RESUMO!$P$11,[4]CONFIG_BASES!$B$1:$AA$1,0))),3,FALSE),"")) -> ALVENARIA DE VEDAÇÃO DE BLOCOS CERÂMICOS FURADOS NA HORIZONTAL DE 14X19X29 CM (ESPESSURA 14 CM) E ARGAMASSA DE ASSENTAMENTO COM PREPARO EM BETONEIRA. AF_12/2021 | E50: M2 | F50: 296.4 | G50: =K50*(1-I$8) -> 96.51 | H50: =IFERROR(G50*(1+$I$5),"") -> 119.34427 | I50: =IFERROR(TRUNC($F50*H50,2),"") -> 35373.64 | K50: 96.51
A51: 03.01.03 | B51: SINAPI | C51: 104612 | D51: =UPPER(IFERROR(VLOOKUP($C51,INDIRECT(INDEX([4]CONFIG_BASES!A:Z,MATCH($D51,[4]CONFIG_BASES!#REF!,0),MATCH([4]RESUMO!$P$11,[4]CONFIG_BASES!$B$1:$AA$1,0))),3,FALSE),"")) -> REVESTIMENTO CERÂMICO PARA PAREDES INTERNAS COM PLACAS TIPO ESMALTADA DE DIMENSÕES 60X60 CM APLICADAS A MEIA ALTURA DAS PAREDES. AF_02/2023_PE | E51: M2 | F51: 206.1 | G51: =K51*(1-I$8) -> 105.92 | H51: =IFERROR(G51*(1+$I$5),"") -> 130.98067 | I51: =IFERROR(TRUNC($F51*H51,2),"") -> 26995.11 | K51: 105.92
A52: 03.01.04 | B52: SUDECAP | C52: 14.05.02 | D52: =UPPER(IFERROR(VLOOKUP($C52,INDIRECT(INDEX([4]CONFIG_BASES!A:Z,MATCH($D52,[4]CONFIG_BASES!#REF!,0),MATCH([4]RESUMO!$P$11,[4]CONFIG_BASES!$B$1:$AA$1,0))),3,FALSE),"")) -> CHAPISCO APLICADO MANUALMENTE EM ALVENARIAS E ESTRUTURAS DE CONCRETO EXTERNAS, ARGAMASSA 1:3 REF 87905 | E52: M2 | F52: 426.25 | G52: =K52*(1-I$8) -> 8.89 | H52: =IFERROR(G52*(1+$I$5),"") -> 10.993374 | I52: =IFERROR(TRUNC($F52*H52,2),"") -> 4685.92 | K52: 8.89
A53: 03.01.05 | B53: SUDECAP | C53: 14.05.01 | D53: =UPPER(IFERROR(VLOOKUP($C53,INDIRECT(INDEX([4]CONFIG_BASES!A:Z,MATCH($D53,[4]CONFIG_BASES!#REF!,0),MATCH([4]RESUMO!$P$11,[4]CONFIG_BASES!$B$1:$AA$1,0))),3,FALSE),"")) -> CHAPISCO APLICADO MANUALMENTE EM ALVENARIAS E ESTRUTURAS DE CONCRETO INTERNAS, ARGAMASSA 1:3 REF 87879 | E53: M2 | F53: 1026.35 | G53: =K53*(1-I$8) -> 5.15 | H53: =IFERROR(G53*(1+$I$5),"") -> 6.36849 | I53: =IFERROR(TRUNC($F53*H53,2),"") -> 6536.29 | K53: 5.15
A54: 03.01.06 | B54: SINAPI | C54: 87535 | D54: =UPPER(IFERROR(VLOOKUP($C54,INDIRECT(INDEX([4]CONFIG_BASES!A:Z,MATCH($D54,[4]CONFIG_BASES!#REF!,0),MATCH([4]RESUMO!$P$11,[4]CONFIG_BASES!$B$1:$AA$1,0))),3,FALSE),"")) -> EMBOÇO, EM ARGAMASSA TRAÇO 1:2:8, PREPARO MECÂNICO, APLICADO MANUALMENTE EM PAREDES INTERNAS DE AMBIENTES COM ÁREA MAIOR QUE 10M², E = 17,5MM, COM TALISCAS. AF_03/2024 | E54: M2 | F54: 206.1 | G54: =K54*(1-I$8) -> 39.44 | H54: =IFERROR(G54*(1+$I$5),"") -> 48.771504 | I54: =IFERROR(TRUNC($F54*H54,2),"") -> 10051.8 | K54: 39.44
A55: 03.01.07 | B55: SINAPI | C55: 96358 | D55: =UPPER(IFERROR(VLOOKUP($C55,INDIRECT(INDEX([4]CONFIG_BASES!A:Z,MATCH($D55,[4]CONFIG_BASES!#REF!,0),MATCH([4]RESUMO!$P$11,[4]CONFIG_BASES!$B$1:$AA$1,0))),3,FALSE),"")) -> PAREDE COM SISTEMA EM CHAPAS DE GESSO PARA DRYWALL, USO INTERNO, COM DUAS FACES SIMPLES E ESTRUTURA METÁLICA COM GUIAS SIMPLES, SEM VÃOS. AF_07/2023_PS | E55: M2 | F55: 3.45 | G55: =K55*(1-I$8) -> 97.42 | H55: =IFERROR(G55*(1+$I$5),"") -> 120.46957 | I55: =IFERROR(TRUNC($F55*H55,2),"") -> 415.62 | K55: 97.42
A56: 03.01.08 | B56: SINAPI | C56: 88485 | D56: =UPPER(IFERROR(VLOOKUP($C56,INDIRECT(INDEX([4]CONFIG_BASES!A:Z,MATCH($D56,[4]CONFIG_BASES!#REF!,0),MATCH([4]RESUMO!$P$11,[4]CONFIG_BASES!$B$1:$AA$1,0))),3,FALSE),"")) -> FUNDO SELADOR ACRÍLICO, APLICAÇÃO MANUAL EM PAREDE, UMA DEMÃO. AF_04/2023 | E56: M2 | F56: 813.9 | G56: =K56*(1-I$8) -> 4.88 | H56: =IFERROR(G56*(1+$I$5),"") -> 6.034608 | I56: =IFERROR(TRUNC($F56*H56,2),"") -> 4911.56 | K56: 4.88
A57: 03.01.09 | B57: SICOR | C57: ED-50474 | D57: =UPPER(IFERROR(VLOOKUP($C57,INDIRECT(INDEX([4]CONFIG_BASES!A:Z,MATCH($D57,[4]CONFIG_BASES!#REF!,0),MATCH([4]RESUMO!$P$11,[4]CONFIG_BASES!$B$1:$AA$1,0))),3,FALSE),"")) -> EMASSAMENTO EM PAREDE COM MASSA ACRÍLICA, DUAS (2) DEMÃOS, INCLUSIVE LIXAMENTO PARA PINTURA | E57: M2 | F57: 6.9 | G57: =K57*(1-I$8) -> 26.25 | H57: =IFERROR(G57*(1+$I$5),"") -> 32.46075 | I57: =IFERROR(TRUNC($F57*H57,2),"") -> 223.97 | K57: 26.25
A58: 03.01.10 | B58: SINAPI | C58: 96130 | D58: =UPPER(IFERROR(VLOOKUP($C58,INDIRECT(INDEX([4]CONFIG_BASES!A:Z,MATCH($D58,[4]CONFIG_BASES!#REF!,0),MATCH([4]RESUMO!$P$11,[4]CONFIG_BASES!$B$1:$AA$1,0))),3,FALSE),"")) -> APLICAÇÃO MANUAL DE MASSA ACRÍLICA EM PAREDES EXTERNAS DE CASAS, UMA DEMÃO. AF_03/2024 | E58: M2 | F58: 813.85 | G58: =K58*(1-I$8) -> 22.78 | H58: =IFERROR(G58*(1+$I$5),"") -> 28.169748 | I58: =IFERROR(TRUNC($F58*H58,2),"") -> 22925.94 | K58: 22.78
A59: 03.01.11 | B59: SINAPI | C59: 87777 | D59: =UPPER(IFERROR(VLOOKUP($C59,INDIRECT(INDEX([4]CONFIG_BASES!A:Z,MATCH($D59,[4]CONFIG_BASES!#REF!,0),MATCH([4]RESUMO!$P$11,[4]CONFIG_BASES!$B$1:$AA$1,0))),3,FALSE),"")) -> EMBOÇO OU MASSA ÚNICA EM ARGAMASSA TRAÇO 1:2:8, PREPARO MANUAL, APLICADA MANUALMENTE EM PANOS DE FACHADA COM PRESENÇA DE VÃOS, ESPESSURA DE 25 MM. AF_08/2022 | E59: M2 | F59: 813.85 | G59: =K59*(1-I$8) -> 69.16 | H59: =IFERROR(G59*(1+$I$5),"") -> 85.523256 | I59: =IFERROR(TRUNC($F59*H59,2),"") -> 69603.1 | K59: 69.16
A60: 03.01.12 | B60: SINAPI | C60: 104642 | D60: =UPPER(IFERROR(VLOOKUP($C60,INDIRECT(INDEX([4]CONFIG_BASES!A:Z,MATCH($D60,[4]CONFIG_BASES!#REF!,0),MATCH([4]RESUMO!$P$11,[4]CONFIG_BASES!$B$1:$AA$1,0))),3,FALSE),"")) -> PINTURA LÁTEX ACRÍLICA STANDARD, APLICAÇÃO MANUAL EM PAREDES, DUAS DEMÃOS. AF_04/2023 | E60: M2 | F60: 820.75 | G60: =K60*(1-I$8) -> 12.3 | H60: =IFERROR(G60*(1+$I$5),"") -> 15.21018 | I60: =IFERROR(TRUNC($F60*H60,2),"") -> 12483.75 | K60: 12.3
A61: 03.01.13 | B61: EXTRA | C61: CPU-004 | D61: =UPPER(IFERROR(VLOOKUP($C61,INDIRECT(INDEX([4]CONFIG_BASES!A:Z,MATCH($D61,[4]CONFIG_BASES!#REF!,0),MATCH([4]RESUMO!$P$11,[4]CONFIG_BASES!$B$1:$AA$1,0))),3,FALSE),"")) -> PLACA EM ACM COM IDENTIFICAÇÃO DO PRÉDIO, CONFORME DETALHAMENTO DE PROJETO. | E61: M2 | F61: 10.9 | G61: =K61*(1-I$8) -> 957.75 | H61: =IFERROR(G61*(1+$I$5),"") -> 1184.3537 | I61: =IFERROR(TRUNC($F61*H61,2),"") -> 12909.45 | K61: 957.75
A62: 03.01.14 | B62: EXTRA | C62: CPU-003 | D62: =UPPER(IFERROR(VLOOKUP($C62,INDIRECT(INDEX([4]CONFIG_BASES!A:Z,MATCH($D62,[4]CONFIG_BASES!#REF!,0),MATCH([4]RESUMO!$P$11,[4]CONFIG_BASES!$B$1:$AA$1,0))),3,FALSE),"")) -> RODAPÉ HOSPITALAR EM PVC ABAULADO 7,5CM NA COR BRANCO | E62: M | F62: 229.1 | G62: =K62*(1-I$8) -> 144.34 | H62: =IFERROR(G62*(1+$I$5),"") -> 178.49084 | I62: =IFERROR(TRUNC($F62*H62,2),"") -> 40892.25 | K62: 144.34
A63: 03.02 | D63: PISOS, BANCADAS E SOLEIRAS | I63: =SUM(I64:I76) -> 87232.06
A64: 03.02.01 | B64: SUDECAP | C64: 18.08.39 | D64: =UPPER(IFERROR(VLOOKUP($C64,INDIRECT(INDEX([4]CONFIG_BASES!A:Z,MATCH($D64,[4]CONFIG_BASES!#REF!,0),MATCH([4]RESUMO!$P$11,[4]CONFIG_BASES!$B$1:$AA$1,0))),3,FALSE),"")) -> BANCADA DE GRANITO CINZA CORUMBÁ E= 2CM, APOIADA EM CONSOLE METALON | E64: M2 | F64: 6.9 | G64: =K64*(1-I$8) -> 538.2 | H64: =IFERROR(G64*(1+$I$5),"") -> 665.53812 | I64: =IFERROR(TRUNC($F64*H64,2),"") -> 4592.21 | K64: 538.2
A65: 03.02.02 | B65: SICOR | C65: ED-21636 | D65: =UPPER(IFERROR(VLOOKUP($C65,INDIRECT(INDEX([4]CONFIG_BASES!A:Z,MATCH($D65,[4]CONFIG_BASES!#REF!,0),MATCH([4]RESUMO!$P$11,[4]CONFIG_BASES!$B$1:$AA$1,0))),3,FALSE),"")) -> TESTEIRA PARA BANCADA EM GRANITO, COR CINZA ANDORINHA, ESP. 2CM, ALTURA DE 10CM, INCLUSIVE POLIMENTO, CORTE/COLAGEM EM MEIA ESQUADRIA E MASSA PLÁSTICA NA COR DA PEDRA | E65: M | F65: 23.6 | G65: =K65*(1-I$8) -> 239.85 | H65: =IFERROR(G65*(1+$I$5),"") -> 296.59851 | I65: =IFERROR(TRUNC($F65*H65,2),"") -> 6999.72 | K65: 239.85
A66: 03.02.03 | B66: SICOR | C66: ED-48348 | D66: =UPPER(IFERROR(VLOOKUP($C66,INDIRECT(INDEX([4]CONFIG_BASES!A:Z,MATCH($D66,[4]CONFIG_BASES!#REF!,0),MATCH([4]RESUMO!$P$11,[4]CONFIG_BASES!$B$1:$AA$1,0))),3,FALSE),"")) -> RODABANCA/FRONTÃO PARA BANCADA EM GRANITO, COR CINZA ANDORINHA, ESP. 2CM, ALTURA DE 10CM, INCLUSIVE REJUNTAMENTO EM MASSA PLÁSTICA NA COR DA PEDRA | E66: M | F66: 12 | G66: =K66*(1-I$8) -> 57.89 | H66: =IFERROR(G66*(1+$I$5),"") -> 71.586774 | I66: =IFERROR(TRUNC($F66*H66,2),"") -> 859.04 | K66: 57.89
A67: 03.02.04 | B67: SINAPI | C67: 87257 | D67: =UPPER(IFERROR(VLOOKUP($C67,INDIRECT(INDEX([4]CONFIG_BASES!A:Z,MATCH($D67,[4]CONFIG_BASES!#REF!,0),MATCH([4]RESUMO!$P$11,[4]CONFIG_BASES!$B$1:$AA$1,0))),3,FALSE),"")) -> REVESTIMENTO CERÂMICO PARA PISO COM PLACAS TIPO ESMALTADA DE DIMENSÕES 60X60 CM APLICADA EM AMBIENTES DE ÁREA MAIOR QUE 10 M2. AF_02/2023_PE | E67: M2 | F67: 201.7 | G67: =K67*(1-I$8) -> 69.11 | H67: =IFERROR(G67*(1+$I$5),"") -> 85.461426 | I67: =IFERROR(TRUNC($F67*H67,2),"") -> 17237.56 | K67: 69.11
A68: 03.02.05 | B68: SINAPI | C68: 94991 | D68: =UPPER(IFERROR(VLOOKUP($C68,INDIRECT(INDEX([4]CONFIG_BASES!A:Z,MATCH($D68,[4]CONFIG_BASES!#REF!,0),MATCH([4]RESUMO!$P$11,[4]CONFIG_BASES!$B$1:$AA$1,0))),3,FALSE),"")) -> EXECUÇÃO DE PASSEIO (CALÇADA) OU PISO DE CONCRETO COM CONCRETO MOLDADO IN LOCO, USINADO C20, ACABAMENTO CONVENCIONAL, NÃO ARMADO. AF_08/2022 | E68: M3 | F68: 4.95 | G68: =K68*(1-I$8) -> 768.08 | H68: =IFERROR(G68*(1+$I$5),"") -> 949.80773 | I68: =IFERROR(TRUNC($F68*H68,2),"") -> 4701.54 | K68: 768.08
A69: 03.02.06 | B69: SINAPI | C69: 87737 | D69: =UPPER(IFERROR(VLOOKUP($C69,INDIRECT(INDEX([4]CONFIG_BASES!A:Z,MATCH($D69,[4]CONFIG_BASES!#REF!,0),MATCH([4]RESUMO!$P$11,[4]CONFIG_BASES!$B$1:$AA$1,0))),3,FALSE),"")) -> CONTRAPISO EM ARGAMASSA TRAÇO 1:4 (CIMENTO E AREIA), PREPARO MANUAL, APLICADO EM ÁREAS MOLHADAS SOBRE LAJE, ADERIDO, ACABAMENTO NÃO REFORÇADO, ESPESSURA 2CM. AF_07/2021 | E69: M2 | F69: 33.05 | G69: =K69*(1-I$8) -> 55.04 | H69: =IFERROR(G69*(1+$I$5),"") -> 68.062464 | I69: =IFERROR(TRUNC($F69*H69,2),"") -> 2249.46 | K69: 55.04
A70: 03.02.07 | B70: SINAPI | C70: 87642 | D70: =UPPER(IFERROR(VLOOKUP($C70,INDIRECT(INDEX([4]CONFIG_BASES!A:Z,MATCH($D70,[4]CONFIG_BASES!#REF!,0),MATCH([4]RESUMO!$P$11,[4]CONFIG_BASES!$B$1:$AA$1,0))),3,FALSE),"")) -> CONTRAPISO EM ARGAMASSA TRAÇO 1:4 (CIMENTO E AREIA), PREPARO MANUAL, APLICADO EM ÁREAS SECAS SOBRE LAJE, ADERIDO, ACABAMENTO NÃO REFORÇADO, ESPESSURA 4CM. AF_07/2021 | E70: M2 | F70: 174.95 | G70: =K70*(1-I$8) -> 62.48 | H70: =IFERROR(G70*(1+$I$5),"") -> 77.262768 | I70: =IFERROR(TRUNC($F70*H70,2),"") -> 13517.12 | K70: 62.48
A71: 03.02.08 | B71: SINAPI | C71: 103946 | D71: =UPPER(IFERROR(VLOOKUP($C71,INDIRECT(INDEX([4]CONFIG_BASES!A:Z,MATCH($D71,[4]CONFIG_BASES!#REF!,0),MATCH([4]RESUMO!$P$11,[4]CONFIG_BASES!$B$1:$AA$1,0))),3,FALSE),"")) -> PLANTIO DE GRAMA ESMERALDA OU SÃO CARLOS OU CURITIBANA, EM PLACAS. AF_07/2024 | E71: M2 | F71: 23.55 | G71: =K71*(1-I$8) -> 18.99 | H71: =IFERROR(G71*(1+$I$5),"") -> 23.483034 | I71: =IFERROR(TRUNC($F71*H71,2),"") -> 553.02 | K71: 18.99
A72: 03.02.09 | B72: SINAPI | C72: 100324 | D72: =UPPER(IFERROR(VLOOKUP($C72,INDIRECT(INDEX([4]CONFIG_BASES!A:Z,MATCH($D72,[4]CONFIG_BASES!#REF!,0),MATCH([4]RESUMO!$P$11,[4]CONFIG_BASES!$B$1:$AA$1,0))),3,FALSE),"")) -> LASTRO COM MATERIAL GRANULAR (PEDRA BRITADA N.1 E PEDRA BRITADA N.2), APLICADO EM PISOS OU LAJES SOBRE SOLO, ESPESSURA DE *10 CM*. AF_01/2024 | E72: M3 | F72: 16.75 | G72: =K72*(1-I$8) -> 223.38 | H72: =IFERROR(G72*(1+$I$5),"") -> 276.23171 | I72: =IFERROR(TRUNC($F72*H72,2),"") -> 4626.88 | K72: 223.38
A73: 03.02.10 | B73: SINAPI | C73: 96620 | D73: =UPPER(IFERROR(VLOOKUP($C73,INDIRECT(INDEX([4]CONFIG_BASES!A:Z,MATCH($D73,[4]CONFIG_BASES!#REF!,0),MATCH([4]RESUMO!$P$11,[4]CONFIG_BASES!$B$1:$AA$1,0))),3,FALSE),"")) -> LASTRO DE CONCRETO MAGRO, APLICADO EM PISOS, LAJES SOBRE SOLO OU RADIERS. AF_01/2024 | E73: M3 | F73: 16.75 | G73: =K73*(1-I$8) -> 882.9 | H73: =IFERROR(G73*(1+$I$5),"") -> 1091.7941 | I73: =IFERROR(TRUNC($F73*H73,2),"") -> 18287.55 | K73: 882.9
A74: 03.02.11 | B74: SINAPI | C74: 97113 | D74: =UPPER(IFERROR(VLOOKUP($C74,INDIRECT(INDEX([4]CONFIG_BASES!A:Z,MATCH($D74,[4]CONFIG_BASES!#REF!,0),MATCH([4]RESUMO!$P$11,[4]CONFIG_BASES!$B$1:$AA$1,0))),3,FALSE),"")) -> APLICAÇÃO DE LONA PLÁSTICA PARA EXECUÇÃO DE PAVIMENTOS DE CONCRETO. AF_04/2022 | E74: M2 | F74: 334.3 | G74: =K74*(1-I$8) -> 3.34 | H74: =IFERROR(G74*(1+$I$5),"") -> 4.130244 | I74: =IFERROR(TRUNC($F74*H74,2),"") -> 1380.74 | K74: 3.34
A75: 03.02.12 | B75: SINAPI | C75: 101965 | D75: =UPPER(IFERROR(VLOOKUP($C75,INDIRECT(INDEX([4]CONFIG_BASES!A:Z,MATCH($D75,[4]CONFIG_BASES!#REF!,0),MATCH([4]RESUMO!$P$11,[4]CONFIG_BASES!$B$1:$AA$1,0))),3,FALSE),"")) -> PEITORIL LINEAR EM GRANITO OU MÁRMORE, L = 15CM, ASSENTADO COM ARGAMASSA 1:6 COM ADITIVO. AF_11/2020 | E75: M | F75: 40.9 | G75: =K75*(1-I$8) -> 123.76 | H75: =IFERROR(G75*(1+$I$5),"") -> 153.04162 | I75: =IFERROR(TRUNC($F75*H75,2),"") -> 6259.4 | K75: 123.76
A76: 03.02.13 | B76: SINAPI | C76: 98689 | D76: =UPPER(IFERROR(VLOOKUP($C76,INDIRECT(INDEX([4]CONFIG_BASES!A:Z,MATCH($D76,[4]CONFIG_BASES!#REF!,0),MATCH([4]RESUMO!$P$11,[4]CONFIG_BASES!$B$1:$AA$1,0))),3,FALSE),"")) -> SOLEIRA EM GRANITO, LARGURA 15 CM, ESPESSURA 2,0 CM. AF_02/2026 | E76: M | F76: 42.2 | G76: =K76*(1-I$8) -> 114.36 | H76: =IFERROR(G76*(1+$I$5),"") -> 141.41758 | I76: =IFERROR(TRUNC($F76*H76,2),"") -> 5967.82 | K76: 114.36
A77: 03.03 | D77: PORTAS E GRADIL | I77: =SUM(I78:I90) -> 95248.12
A78: 03.03.01 | B78: SINAPI | C78: 91341 | D78: =UPPER(IFERROR(VLOOKUP($C78,INDIRECT(INDEX([4]CONFIG_BASES!A:Z,MATCH($D78,[4]CONFIG_BASES!#REF!,0),MATCH([4]RESUMO!$P$11,[4]CONFIG_BASES!$B$1:$AA$1,0))),3,FALSE),"")) -> PORTA EM ALUMÍNIO DE ABRIR TIPO VENEZIANA COM GUARNIÇÃO, FIXAÇÃO COM PARAFUSOS - FORNECIMENTO E INSTALAÇÃO. AF_10/2025 | E78: M2 | F78: 15.2 | G78: =K78*(1-I$8) -> 659.2 | H78: =IFERROR(G78*(1+$I$5),"") -> 815.16672 | I78: =IFERROR(TRUNC($F78*H78,2),"") -> 12390.53 | K78: 659.2
A79: 03.03.02 | B79: SINAPI | C79: 90843 | D79: =UPPER(IFERROR(VLOOKUP($C79,INDIRECT(INDEX([4]CONFIG_BASES!A:Z,MATCH($D79,[4]CONFIG_BASES!#REF!,0),MATCH([4]RESUMO!$P$11,[4]CONFIG_BASES!$B$1:$AA$1,0))),3,FALSE),"")) -> KIT DE PORTA DE MADEIRA PARA PINTURA, SEMI-OCA (LEVE OU MÉDIA), PADRÃO MÉDIO, 80X210CM, ESPESSURA DE 3,5CM, ITENS INCLUSOS: DOBRADIÇAS, MONTAGEM E INSTALAÇÃO DO BATENTE, FECHADURA COM EXECUÇÃO DO FURO - FORNECIMENTO E INSTALAÇÃO. AF_10/2025 | E79: UN | F79: 11 | G79: =K79*(1-I$8) -> 1238.93 | H79: =IFERROR(G79*(1+$I$5),"") -> 1532.0608 | I79: =IFERROR(TRUNC($F79*H79,2),"") -> 16852.66 | K79: 1238.93
A80: 03.03.03 | B80: EXTRA | C80: CPU-056 | D80: =UPPER(IFERROR(VLOOKUP($C80,INDIRECT(INDEX([4]CONFIG_BASES!A:Z,MATCH($D80,[4]CONFIG_BASES!#REF!,0),MATCH([4]RESUMO!$P$11,[4]CONFIG_BASES!$B$1:$AA$1,0))),3,FALSE),"")) -> PORTA DE MADEIRA DE CORRER 90X210, PARA PINTURA. | E80: UND | F80: 2 | G80: =K80*(1-I$8) -> 1573.11 | H80: =IFERROR(G80*(1+$I$5),"") -> 1945.3078 | I80: =IFERROR(TRUNC($F80*H80,2),"") -> 3890.61 | K80: 1573.11
A81: 03.03.04 | B81: EXTRA | C81: CPU-006 | D81: =UPPER(IFERROR(VLOOKUP($C81,INDIRECT(INDEX([4]CONFIG_BASES!A:Z,MATCH($D81,[4]CONFIG_BASES!#REF!,0),MATCH([4]RESUMO!$P$11,[4]CONFIG_BASES!$B$1:$AA$1,0))),3,FALSE),"")) -> PORTA DE MADEIRA DE CORRER 90X210 COM BARRA DE APOIO PARA P.C.R, REVESTIDA COM PINTURA ESMALTE E CHAPA DE AÇO ANTICHOQUE. | E81: UND | F81: 3 | G81: =K81*(1-I$8) -> 1871.63 | H81: =IFERROR(G81*(1+$I$5),"") -> 2314.4577 | I81: =IFERROR(TRUNC($F81*H81,2),"") -> 6943.37 | K81: 1871.63
A82: 03.03.05 | B82: EXTRA | C82: CPU-005 | D82: =UPPER(IFERROR(VLOOKUP($C82,INDIRECT(INDEX([4]CONFIG_BASES!A:Z,MATCH($D82,[4]CONFIG_BASES!#REF!,0),MATCH([4]RESUMO!$P$11,[4]CONFIG_BASES!$B$1:$AA$1,0))),3,FALSE),"")) -> PORTA DE MADEIRA DE ABRIR 90X210 COM BARRA DE APOIO PARA P.C.R, REVESTIDA COM PINTURA ESMALTE E CHAPA DE AÇO ANTICHOQUE. | E82: UN | F82: 2 | G82: =K82*(1-I$8) -> 1659.21 | H82: =IFERROR(G82*(1+$I$5),"") -> 2051.7791 | I82: =IFERROR(TRUNC($F82*H82,2),"") -> 4103.55 | K82: 1659.21
A83: 03.03.06 | B83: EXTRA | C83: CPU-007 | D83: =UPPER(IFERROR(VLOOKUP($C83,INDIRECT(INDEX([4]CONFIG_BASES!A:Z,MATCH($D83,[4]CONFIG_BASES!#REF!,0),MATCH([4]RESUMO!$P$11,[4]CONFIG_BASES!$B$1:$AA$1,0))),3,FALSE),"")) -> KIT DE PORTA DE MADEIRA PARA PINTURA, SEMI-OCA (LEVE OU MÉDIA), PADRÃO MÉDIO, 110X210CM, ESPESSURA DE 3,5CM, ITENS INCLUSOS: DOBRADIÇAS, MONTAGEM E INSTALAÇÃO DO BATENTE, FECHADURA COM EXECUÇÃO DO FURO - FORNECIMENTO E INSTALAÇÃO. AF_10/2025 | E83: UND | F83: 1 | G83: =K83*(1-I$8) -> 1460.31 | H83: =IFERROR(G83*(1+$I$5),"") -> 1805.8193 | I83: =IFERROR(TRUNC($F83*H83,2),"") -> 1805.81 | K83: 1460.31
A84: 03.03.07 | B84: EXTRA | C84: CPU-008 | D84: =UPPER(IFERROR(VLOOKUP($C84,INDIRECT(INDEX([4]CONFIG_BASES!A:Z,MATCH($D84,[4]CONFIG_BASES!#REF!,0),MATCH([4]RESUMO!$P$11,[4]CONFIG_BASES!$B$1:$AA$1,0))),3,FALSE),"")) -> KIT DE PORTA DE MADEIRA INCLUINDO REVESTIMENTO LAMINADO (LEVE OU MÉDIA), PADRÃO MÉDIO, DUAS FOLHAS 90+30X210CM, ESPESSURA DE 3,5CM, ITENS INCLUSOS: DOBRADIÇAS, MONTAGEM E INSTALAÇÃO DO BATENTE, FECHADURA COM EXECUÇÃO DO FURO - FORNECIMENTO E INSTALAÇÃO. AF_10/2025 | E84: UND | F84: 2 | G84: =K84*(1-I$8) -> 1747.68 | H84: =IFERROR(G84*(1+$I$5),"") -> 2161.1811 | I84: =IFERROR(TRUNC($F84*H84,2),"") -> 4322.36 | K84: 1747.68
A85: 03.03.08 | B85: EXTRA | C85: CPU-009 | D85: =UPPER(IFERROR(VLOOKUP($C85,INDIRECT(INDEX([4]CONFIG_BASES!A:Z,MATCH($D85,[4]CONFIG_BASES!#REF!,0),MATCH([4]RESUMO!$P$11,[4]CONFIG_BASES!$B$1:$AA$1,0))),3,FALSE),"")) -> PORTA DE VIDRO TEMPERADO 8MM, INCLUSIVE FERRAGENS E FECHADURA, FORNECIMENTO E INSTALAÇÃO. | E85: M2 | F85: 6.3 | G85: =K85*(1-I$8) -> 645.42 | H85: =IFERROR(G85*(1+$I$5),"") -> 798.12637 | I85: =IFERROR(TRUNC($F85*H85,2),"") -> 5028.19 | K85: 645.42
A86: 03.03.09 | B86: EXTRA | C86: CPU-010 | D86: =UPPER(IFERROR(VLOOKUP($C86,INDIRECT(INDEX([4]CONFIG_BASES!A:Z,MATCH($D86,[4]CONFIG_BASES!#REF!,0),MATCH([4]RESUMO!$P$11,[4]CONFIG_BASES!$B$1:$AA$1,0))),3,FALSE),"")) -> INSTALAÇÃO DE BARRA ANTIPÂNICO EM PORTA DE VIDRO | E86: UND | F86: 1 | G86: =K86*(1-I$8) -> 881.73 | H86: =IFERROR(G86*(1+$I$5),"") -> 1090.3473 | I86: =IFERROR(TRUNC($F86*H86,2),"") -> 1090.34 | K86: 881.73
A87: 03.03.10 | B87: SICOR | C87: ED-50983 | D87: =UPPER(IFERROR(VLOOKUP($C87,INDIRECT(INDEX([4]CONFIG_BASES!A:Z,MATCH($D87,[4]CONFIG_BASES!#REF!,0),MATCH([4]RESUMO!$P$11,[4]CONFIG_BASES!$B$1:$AA$1,0))),3,FALSE),"")) -> PORTÃO DE GRADE EM BARRA REDONDA 1/2" E REQUADRO EM BARRA CHATA 1.1/4"X3/16", EXCLUSIVE CADEADO E PINTURA | E87: M2 | F87: 4 | G87: =K87*(1-I$8) -> 465.91 | H87: =IFERROR(G87*(1+$I$5),"") -> 576.14431 | I87: =IFERROR(TRUNC($F87*H87,2),"") -> 2304.57 | K87: 465.91
A88: 03.03.11 | B88: EXTRA | C88: CPU-011 | D88: =UPPER(IFERROR(VLOOKUP($C88,INDIRECT(INDEX([4]CONFIG_BASES!A:Z,MATCH($D88,[4]CONFIG_BASES!#REF!,0),MATCH([4]RESUMO!$P$11,[4]CONFIG_BASES!$B$1:$AA$1,0))),3,FALSE),"")) -> GRADIL FIXO EM PERFIS DE AÇO, COM REQUADRO EM CANTONEIRA. | E88: M2 | F88: 39.5 | G88: =K88*(1-I$8) -> 628.45 | H88: =IFERROR(G88*(1+$I$5),"") -> 777.14127 | I88: =IFERROR(TRUNC($F88*H88,2),"") -> 30697.08 | K88: 628.45
A89: 03.03.12 | B89: SINAPI | C89: 102230 | D89: =UPPER(IFERROR(VLOOKUP($C89,INDIRECT(INDEX([4]CONFIG_BASES!A:Z,MATCH($D89,[4]CONFIG_BASES!#REF!,0),MATCH([4]RESUMO!$P$11,[4]CONFIG_BASES!$B$1:$AA$1,0))),3,FALSE),"")) -> PINTURA TINTA DE ACABAMENTO (PIGMENTADA) ESMALTE SINTÉTICO BRILHANTE EM MADEIRA, 3 DEMÃOS. AF_01/2021 | E89: M2 | F89: 101.6 | G89: =K89*(1-I$8) -> 30.56 | H89: =IFERROR(G89*(1+$I$5),"") -> 37.790496 | I89: =IFERROR(TRUNC($F89*H89,2),"") -> 3839.51 | K89: 30.56
A90: 03.03.13 | B90: SICOR | C90: ED-50495 | D90: =UPPER(IFERROR(VLOOKUP($C90,INDIRECT(INDEX([4]CONFIG_BASES!A:Z,MATCH($D90,[4]CONFIG_BASES!#REF!,0),MATCH([4]RESUMO!$P$11,[4]CONFIG_BASES!$B$1:$AA$1,0))),3,FALSE),"")) -> PINTURA ESMALTE BASE SOLVENTE EM SUPERFÍCIES METÁLICAS, DUAS (2) DEMÃOS, COM APLICAÇÃO MANUAL, INCLUSIVE UMA (1) DEMÃO DE FUNDO ANTICORROSIVO | E90: M2 | F90: 43.5 | G90: =K90*(1-I$8) -> 36.8 | H90: =IFERROR(G90*(1+$I$5),"") -> 45.50688 | I90: =IFERROR(TRUNC($F90*H90,2),"") -> 1979.54 | K90: 36.8
A91: 03.04 | D91: JANELAS | I91: =SUM(I92:I96) -> 12349.61
A92: 03.04.01 | B92: SICOR | C92: ED-50959 | D92: =UPPER(IFERROR(VLOOKUP($C92,INDIRECT(INDEX([4]CONFIG_BASES!A:Z,MATCH($D92,[4]CONFIG_BASES!#REF!,0),MATCH([4]RESUMO!$P$11,[4]CONFIG_BASES!$B$1:$AA$1,0))),3,FALSE),"")) -> FORNECIMENTO DE JANELA EM METALON, TIPO MÁXIM-AR, INCLUSIVE ASSENTAMENTO, FERRAGENS E ACESSÓRIOS | E92: M2 | F92: 0.3 | G92: =K92*(1-I$8) -> 387.03 | H92: =IFERROR(G92*(1+$I$5),"") -> 478.6013 | I92: =IFERROR(TRUNC($F92*H92,2),"") -> 143.58 | K92: 387.03
A93: 03.04.02 | B93: SICOR | C93: ED-29483 | D93: =UPPER(IFERROR(VLOOKUP($C93,INDIRECT(INDEX([4]CONFIG_BASES!A:Z,MATCH($D93,[4]CONFIG_BASES!#REF!,0),MATCH([4]RESUMO!$P$11,[4]CONFIG_BASES!$B$1:$AA$1,0))),3,FALSE),"")) -> JANELA EM ALUMÍNIO FIXA COMPLETA, LINHA 25/SUPREMA, ACABAMENTO ANODIZADO NATURAL, INCLUSIVE PERFIS E VIDRO LISO 4MM E INSTALAÇÃO | E93: M2 | F93: 3.05 | G93: =K93*(1-I$8) -> 614.95 | H93: =IFERROR(G93*(1+$I$5),"") -> 760.44717 | I93: =IFERROR(TRUNC($F93*H93,2),"") -> 2319.36 | K93: 614.95
A94: 03.04.03 | B94: SICOR | C94: ED-50960 | D94: =UPPER(IFERROR(VLOOKUP($C94,INDIRECT(INDEX([4]CONFIG_BASES!A:Z,MATCH($D94,[4]CONFIG_BASES!#REF!,0),MATCH([4]RESUMO!$P$11,[4]CONFIG_BASES!$B$1:$AA$1,0))),3,FALSE),"")) -> FORNECIMENTO DE JANELA VENEZIANA FIXAS METALON, INCLUSIVE ASSENTAMENTO, FERRAGENS E ACESSÓRIOS | E94: M2 | F94: 0.8 | G94: =K94*(1-I$8) -> 658.38 | H94: =IFERROR(G94*(1+$I$5),"") -> 814.15271 | I94: =IFERROR(TRUNC($F94*H94,2),"") -> 651.32 | K94: 658.38
A95: 03.04.04 | B95: SINAPI | C95: 94573 | D95: =UPPER(IFERROR(VLOOKUP($C95,INDIRECT(INDEX([4]CONFIG_BASES!A:Z,MATCH($D95,[4]CONFIG_BASES!#REF!,0),MATCH([4]RESUMO!$P$11,[4]CONFIG_BASES!$B$1:$AA$1,0))),3,FALSE),"")) -> JANELA DE ALUMÍNIO DE CORRER COM 4 FOLHAS PARA VIDROS (VIDROS INCLUSOS), COM BANDEIRA, BATENTE/ REQUADRO 6 A 14 CM, ACABAMENTO COM ACETATO OU BRILHANTE, FIXAÇÃO COM PARAFUSO, SEM GUARNIÇÃO/ ALIZAR, DIMENSÕES 150X120 CM, VEDAÇÃO COM SILICONE, EXCLUSIVE CONTRAMARCO - FORNECIMENTO E INSTALAÇÃO. AF_11/2024 | E95: M2 | F95: 1.6 | G95: =K95*(1-I$8) -> 319.13 | H95: =IFERROR(G95*(1+$I$5),"") -> 394.63616 | I95: =IFERROR(TRUNC($F95*H95,2),"") -> 631.41 | K95: 319.13
A96: 03.04.05 | B96: SINAPI | C96: 94570 | D96: =UPPER(IFERROR(VLOOKUP($C96,INDIRECT(INDEX([4]CONFIG_BASES!A:Z,MATCH($D96,[4]CONFIG_BASES!#REF!,0),MATCH([4]RESUMO!$P$11,[4]CONFIG_BASES!$B$1:$AA$1,0))),3,FALSE),"")) -> JANELA DE ALUMÍNIO DE CORRER COM 2 FOLHAS PARA VIDROS (VIDROS INCLUSOS), BATENTE/ REQUADRO 6 A 14 CM, ACABAMENTO COM ACETATO OU BRILHANTE, FIXAÇÃO COM PARAFUSO, SEM GUARNIÇÃO/ ALIZAR, DIMENSÕES 100X120 CM, VEDAÇÃO COM SILICONE, EXCLUSIVE CONTRAMARCO - FORNECIMENTO E INSTALAÇÃO. AF_11/2024 | E96: M2 | F96: 24.2 | G96: =K96*(1-I$8) -> 287.51 | H96: =IFERROR(G96*(1+$I$5),"") -> 355.53487 | I96: =IFERROR(TRUNC($F96*H96,2),"") -> 8603.94 | K96: 287.51
A97: 03.05 | D97: FORROS E ACABAMENTOS EM TETO | I97: =SUM(I98:I99) -> 21132.79
A98: 03.05.01 | B98: SICOR | C98: ED-49686 | D98: =UPPER(IFERROR(VLOOKUP($C98,INDIRECT(INDEX([4]CONFIG_BASES!A:Z,MATCH($D98,[4]CONFIG_BASES!#REF!,0),MATCH([4]RESUMO!$P$11,[4]CONFIG_BASES!$B$1:$AA$1,0))),3,FALSE),"")) -> FORRO EM CHAPA DE GESSO ACARTONADA, ESP. 12,5MM, COM FIXAÇÃO DO TIPO ESTRUTURADA EM PERFIL METÁLICO, EXCLUSIVE PERFIL TABICA, SANCA E MOLDURA, INCLUSIVE ACESSÓRIOS E FIXAÇÃO | E98: M2 | F98: 200.8 | G98: =K98*(1-I$8) -> 64.04 | H98: =IFERROR(G98*(1+$I$5),"") -> 79.191864 | I98: =IFERROR(TRUNC($F98*H98,2),"") -> 15901.72 | K98: 64.04
A99: 03.05.02 | B99: SINAPI | C99: 88488 | D99: =UPPER(IFERROR(VLOOKUP($C99,INDIRECT(INDEX([4]CONFIG_BASES!A:Z,MATCH($D99,[4]CONFIG_BASES!#REF!,0),MATCH([4]RESUMO!$P$11,[4]CONFIG_BASES!$B$1:$AA$1,0))),3,FALSE),"")) -> PINTURA LÁTEX ACRÍLICA PREMIUM, APLICAÇÃO MANUAL EM TETO, DUAS DEMÃOS. AF_04/2023 | E99: M2 | F99: 240.9 | G99: =K99*(1-I$8) -> 17.56 | H99: =IFERROR(G99*(1+$I$5),"") -> 21.714696 | I99: =IFERROR(TRUNC($F99*H99,2),"") -> 5231.07 | K99: 17.56
A100: 03.06 | D100: COBERTURA | I100: =SUM(I101:I105) -> 73747.13
...

Sheet Comp. BDI
A1: PREFEITURA DE JUIZ DE FORA
A2: SECRETARIA DE OBRAS
A3: SUBSECRETARIA DE GESTÃO DE OBRAS PÚBLICAS
A4: =PLANILHA!A5 -> OBRA: UBS VALADARES - JUIZ DE FORA - MG
A5: COMPOSIÇÃO BDI PROPONENTE
A6: Construção de Praças Urbanas, Rodovias, Ferrovias e recapeamento e pavimentação de vias urbanas
A7: ITENS RELATIVOS À ADMINISTRAÇÃO DA OBRA | B7: %
A8: A - Administração Central | B8: 0.0425
A9: B - Despesas Financeiras | B9: 0.0099
A10: C - Risco | B10: 0.0112
A11: D - Seguro e Garantia | B11: 0.009
B12: =SUM(B8:B11) -> 0.0726
A13: LUCRO | B13: %
A14: E - Lucro | B14: 0.0756
B15: =B14 -> 0.0756
A16: TRIBUTOS | B16: %
A17: F - PIS | B17: 0.0065
A18: G - COFINS | B18: 0.03
A19: H - ISSQN | B19: 0.03
A20: I - CONTRIBUIÇÃO PREVIDENCIÁRIA SOBRE A RENDA BRUTA | B20: -
B21: =SUM(B17:B20) -> 0.0665
A22: Assim, com base na fórmula proposta pelo acordão TCU nº 2622/2013, temos:
A27: BDI ONERADO (%) | B27: =ROUND(((1+(B8+B10+B11))*(1+B9)*(1+B14)/(1-B21)-1),4) -> 0.2366
A29: COMPOSIÇÃO BDI DIFERENCIADO
A30: Fornecimento de Materiais e Equipamentos (aquisição indireta - em conjunto com licitação de obras)
A31: ITENS RELATIVOS À ADMINISTRAÇÃO DA OBRA | B31: %
A32: A - Administração Central | B32: 0.0299
A33: B - Despesas Financeiras | B33: 0.0098
A34: C - Risco | B34: 0.00725
A35: D - Seguro e Garantia | B35: 0.0056
B36: =SUM(B32:B35) -> 0.05255
A37: LUCRO | B37: %
A38: E - Lucro | B38: 0.0461
B39: =B38 -> 0.0461
A40: TRIBUTOS | B40: %
A41: F - PIS | B41: 0.0065
A42: G - COFINS | B42: 0
A43: H - ISSQN | B43: 0.03
A44: I - CONTRIBUIÇÃO PREVIDENCIÁRIA SOBRE A RENDA BRUTA | B44: -
B45: =SUM(B41:B44) -> 0.0365
A46: Assim, com base na fórmula proposta pelo acordão TCU nº 2622/2013, temos:
A51: BDI ONERADO (%) | B51: =ROUND(((1+(B32+B34+B35))*(1+B33)*(1+B38)/(1-B45)-1),4) -> 0.1432

Sheet Cronograma Proponente
A1: PREFEITURA DE JUIZ DE FORA
A2: SECRETARIA DE OBRAS
A3: SUBSECRETARIA DE GESTÃO DE OBRAS E PROJETOS
A4: CRONOGRAMA FÍSICO-FINANCEIRO - PROPONENTE
A5: =PLANILHA!A5 -> OBRA: UBS VALADARES - JUIZ DE FORA - MG | O5: Data: Set./ 2026
A6: =PLANILHA!$A$7 -> PROPONENTE: | C6: =PLANILHA!$C$7 -> 0 | M6: =PLANILHA!$E$7 -> CNPJ: | N6: =PLANILHA!$G$7 -> 0
A7: ITEM | B7: SERVIÇOS | C7: TOTAL (R$) | D7: FINANC. | E7: MÊS 01 | F7: MÊS 02 | G7: MÊS 03 | H7: MÊS 04 | I7: MÊS 05 | J7: MÊS 06 | K7: MÊS 07 | L7: MÊS 08 | M7: MÊS 09 | N7: MÊS 10 | O7: TOTAIS
A8: =PLANILHA!A12 -> 01 | B8: =PLANILHA!D12 -> SERVIÇOS PRELIMINARES | C8: Físico
C9: =C10/C$50 -> 0.053391076 | D9: % | E9: 0.55 | F9: 0.05 | G9: 0.05 | H9: 0.05 | I9: 0.05 | J9: 0.05 | K9: 0.05 | L9: 0.05 | M9: 0.05 | N9: 0.05 | O9: =SUM(E9:N9) -> 1
C10: =PLANILHA!I12 -> 99327.74 | D10: R$ | E10: =($C$10)*E9 -> 54630.257 | F10: =($C$10)*F9 -> 4966.387 | G10: =($C$10)*G9 -> 4966.387 | H10: =($C$10)*H9 -> 4966.387 | I10: =($C$10)*I9 -> 4966.387 | J10: =($C$10)*J9 -> 4966.387 | K10: =($C$10)*K9 -> 4966.387 | L10: =($C$10)*L9 -> 4966.387 | ... N10: =($C$10)*N9 -> 4966.387 | O10: =E10+F10+G10+H10+I10+J10+K10+L10+M10+N10 -> 99327.74
A11: =PLANILHA!A24 -> 02 | B11: =PLANILHA!D24 -> DEMOLIÇÕES E REMOÇÕES | C11: Físico
C12: =C13/C$50 -> 0.051426693 | D12: % | E12: 0.7 | F12: 0.3 | O12: =SUM(E12:N12) -> 1
C13: =PLANILHA!I24 -> 95673.24 | D13: R$ | E13: =($C$13)*E12 -> 66971.268 | F13: =($C$13)*F12 -> 28701.972 | O13: =E13+F13+G13+H13+I13+J13+K13+L13+M13+N13 -> 95673.24
A14: =PLANILHA!A47 -> 03 | B14: =PLANILHA!D47 -> ARQUITETURA | C14: Físico
C15: =C16/C$50 -> 0.36564168 | D15: % | E15: 0.05 | F15: 0.11 | G15: 0.16 | H15: 0.19 | I15: 0.27 | J15: 0.13 | K15: 0.05 | L15: 0.03 | M15: 0.01 | O15: =SUM(E15:N15) -> 1
C16: =PLANILHA!I47 -> 680232.82 | D16: R$ | E16: =($C$16)*E15 -> 34011.641 | F16: =($C$16)*F15 -> 74825.61 | G16: =($C$16)*G15 -> 108837.25 | H16: =($C$16)*H15 -> 129244.24 | I16: =($C$16)*I15 -> 183662.86 | J16: =($C$16)*J15 -> 88430.267 | K16: =($C$16)*K15 -> 34011.641 | L16: =($C$16)*L15 -> 20406.985 | M16: =($C$16)*M15 -> 6802.3282 | O16: =E16+F16+G16+H16+I16+J16+K16+L16+M16+N16 -> 680232.82
A17: =PLANILHA!A133 -> 04 | B17: =PLANILHA!D133 -> ESTRUTURA DE CONCRETO | C17: Físico
C18: =C19/C$50 -> 0.2501331 | D18: % | F18: 0.13 | G18: 0.17 | H18: 0.24 | I18: 0.32 | J18: 0.09 | K18: 0.05 | O18: =SUM(E18:N18) -> 1
C19: =PLANILHA!I133 -> 465342.86 | D19: R$ | F19: =($C$19)*F18 -> 60494.572 | G19: =($C$19)*G18 -> 79108.286 | H19: =($C$19)*H18 -> 111682.29 | I19: =($C$19)*I18 -> 148909.72 | J19: =($C$19)*J18 -> 41880.857 | K19: =($C$19)*K18 -> 23267.143 | O19: =E19+F19+G19+H19+I19+J19+K19+L19+M19+N19 -> 465342.86
A20: =PLANILHA!A219 -> 05 | B20: =PLANILHA!D219 -> ESTRUTURA METÁLICA | C20: Físico
C21: =C22/C$50 -> 0.044143147 | D21: % | H21: 0.23 | I21: 0.41 | J21: 0.36 | O21: =SUM(E21:N21) -> 1
C22: =PLANILHA!I219 -> 82123.07 | D22: R$ | H22: =($C$22)*H21 -> 18888.306 | I22: =($C$22)*I21 -> 33670.459 | J22: =($C$22)*J21 -> 29564.305 | O22: =E22+F22+G22+H22+I22+J22+K22+L22+M22+N22 -> 82123.07
A23: =PLANILHA!A234 -> 06 | B23: =PLANILHA!D234 -> INSTALAÇÕES HIDROSSANITÁRIAS | C23: Físico
C24: =C25/C$50 -> 0.038945932 | D24: % | I24: 0.27 | J24: 0.31 | K24: 0.42 | O24: =SUM(E24:N24) -> 1
C25: =PLANILHA!I234 -> 72454.27 | D25: R$ | I25: =($C$25)*I24 -> 19562.653 | J25: =($C$25)*J24 -> 22460.824 | K25: =($C$25)*K24 -> 30430.793 | O25: =E25+F25+G25+H25+I25+J25+K25+L25+M25+N25 -> 72454.27
A26: =PLANILHA!A358 -> 07 | B26: =PLANILHA!D358 -> INSTALAÇÕES ELÉTRICAS | C26: Físico
C27: =C28/C$50 -> 0.051200675 | D27: % | H27: 0.07 | I27: 0.42 | J27: 0.29 | K27: 0.18 | L27: 0.04 | O27: =SUM(E27:N27) -> 1
C28: =PLANILHA!I358 -> 95252.76 | D28: R$ | H28: =($C$28)*H27 -> 6667.6932 | I28: =($C$28)*I27 -> 40006.159 | J28: =($C$28)*J27 -> 27623.3 | K28: =($C$28)*K27 -> 17145.497 | L28: =($C$28)*L27 -> 3810.1104 | O28: =E28+F28+G28+H28+I28+J28+K28+L28+M28+N28 -> 95252.76
A29: =PLANILHA!A436 -> 08 | B29: =PLANILHA!D436 -> SISTEMA DE CFTV | C29: Físico
C30: =C31/C$50 -> 0.014046059 | D30: % | J30: 0.29 | K30: 0.37 | L30: 0.26 | M30: 0.08 | O30: =SUM(E30:N30) -> 1
C31: =PLANILHA!I436 -> 26131.02 | D31: R$ | J31: =($C$31)*J30 -> 7577.9958 | K31: =($C$31)*K30 -> 9668.4774 | L31: =($C$31)*L30 -> 6794.0652 | M31: =($C$31)*M30 -> 2090.4816 | O31: =E31+F31+G31+H31+I31+J31+K31+L31+M31+N31 -> 26131.02
A32: =PLANILHA!A460 -> 09 | B32: =PLANILHA!D460 -> SISTEMA DE CABEAMENTO ESTRUTURADO | C32: Físico
C33: =C34/C$50 -> 0.02316067 | D33: % | I33: 0.14 | J33: 0.34 | K33: 0.29 | L33: 0.23 | O33: =SUM(E33:N33) -> 1
C34: =PLANILHA!I460 -> 43087.67 | D34: R$ | I34: =($C$34)*I33 -> 6032.2738 | J34: =($C$34)*J33 -> 14649.808 | K34: =($C$34)*K33 -> 12495.424 | L34: =($C$34)*L33 -> 9910.1641 | O34: =E34+F34+G34+H34+I34+J34+K34+L34+M34+N34 -> 43087.67
A35: =PLANILHA!A493 -> 10 | B35: =PLANILHA!D493 -> INSTALAÇÕES LUMINOTÉCNICAS | C35: Físico
C36: =C37/C$50 -> 0.0059565005 | D36: % | L36: 0.47 | M36: 0.53 | O36: =SUM(E36:N36) -> 1
C37: =PLANILHA!I493 -> 11081.36 | D37: R$ | L37: =($C$37)*L36 -> 5208.2392 | M37: =($C$37)*M36 -> 5873.1208 | O37: =E37+F37+G37+H37+I37+J37+K37+L37+M37+N37 -> 11081.36
A38: =PLANILHA!A499 -> 11 | B38: =PLANILHA!D499 -> PREVENÇÃO E COMBATE A INCÊNDIO | C38: Físico
C39: =C40/C$50 -> 0.002122533 | D39: % | K39: 0.29 | L39: 0.61 | M39: 0.1 | O39: =SUM(E39:N39) -> 1
C40: =PLANILHA!I499 -> 3948.72 | D40: R$ | K40: =($C$40)*K39 -> 1145.1288 | L40: =($C$40)*L39 -> 2408.7192 | M40: =($C$40)*M39 -> 394.872 | O40: =E40+F40+G40+H40+I40+J40+K40+L40+M40+N40 -> 3948.72
A41: =PLANILHA!A518 -> 12 | B41: =PLANILHA!D518 -> S.P.D.A. | C41: Físico
C42: =C43/C$50 -> 0.016331134 | D42: % | L42: 0.43 | M42: 0.32 | N42: 0.25 | O42: =SUM(E42:N42) -> 1
C43: =PLANILHA!I518 -> 30382.13 | D43: R$ | L43: =($C$43)*L42 -> 13064.316 | M43: =($C$43)*M42 -> 9722.2816 | N43: =($C$43)*N42 -> 7595.5325 | O43: =E43+F43+G43+H43+I43+J43+K43+L43+M43+N43 -> 30382.13
A44: =PLANILHA!A544 -> 13 | B44: =PLANILHA!D544 -> SERVIÇOS FINAIS | C44: Físico
C45: =C46/C$50 -> 0.0018406714 | D45: % | N45: 1 | O45: =SUM(E45:N45) -> 1
C46: =PLANILHA!I544 -> 3424.35 | D46: R$ | N46: =($C$46)*N45 -> 3424.35 | O46: =E46+F46+G46+H46+I46+J46+K46+L46+M46+N46 -> 3424.35
A47: =PLANILHA!A547 -> 14 | B47: =PLANILHA!D547 -> ADMINISTRAÇÃO LOCAL | C47: Físico
C48: =C49/C$50 -> 0.081660125 | D48: % | E48: 0.081 | F48: 0.101 | G48: 0.115 | H48: 0.164 | I48: 0.26 | J48: 0.138 | K48: 0.073 | L48: 0.039 | M48: 0.017 | N48: 0.012 | O48: =SUM(E48:N48) -> 1
C49: =PLANILHA!I547 -> 151918.94 | D49: R$ | E49: =($C$49)*E48 -> 12305.434 | F49: =($C$49)*F48 -> 15343.813 | G49: =($C$49)*G48 -> 17470.678 | H49: =($C$49)*H48 -> 24914.706 | I49: =($C$49)*I48 -> 39498.924 | J49: =($C$49)*J48 -> 20964.814 | K49: =($C$49)*K48 -> 11090.083 | L49: =($C$49)*L48 -> 5924.8387 | ... N49: =($C$49)*N48 -> 1823.0273 | O49: =E49+F49+G49+H49+I49+J49+K49+L49+M49+N49 -> 151918.94
A50: TOTAL / PARCIAL (R$) | C50: =C10+C13+C16+C19+C22+C25+C28+C31+C34+C37+C40+C43+C46+C49 -> 1860380.9 | D50: =C9+C12+C15+C18+C21+C24+C27+C30+C33+C36+C39+C42+C45+C48 -> 1 | E50: =E10+E13+E16+E19+E22+E25+E28+E31+E34+E37+E40+E43+E46+E49 -> 167918.6 | F50: =F10+F13+F16+F19+F22+F25+F28+F31+F34+F37+F40+F43+F46+F49 -> 184332.35 | G50: =G10+G13+G16+G19+G22+G25+G28+G31+G34+G37+G40+G43+G46+G49 -> 210382.6 | H50: =H10+H13+H16+H19+H22+H25+H28+H31+H34+H37+H40+H43+H46+H49 -> 296363.61 | I50: =I10+I13+I16+I19+I22+I25+I28+I31+I34+I37+I40+I43+I46+I49 -> 476309.43 | J50: =J10+J13+J16+J19+J22+J25+J28+J31+J34+J37+J40+J43+J46+J49 -> 258118.56 | K50: =K10+K13+K16+K19+K22+K25+K28+K31+K34+K37+K40+K43+K46+K49 -> 144220.57 | L50: =L10+L13+L16+L19+L22+L25+L28+L31+L34+L37+L40+L43+L46+L49 -> 72493.824 | ... N50: =N10+N13+N16+N19+N22+N25+N28+N31+N34+N37+N40+N43+N46+N49 -> 17809.297 | O50: =E50+F50+G50+H50+I50+J50+K50+L50+M50+N50 -> 1860381 | P50: =O10+O13+O16+O19+O22+O25+O28+O31+O34+O37+O40+O43+O46+O49 -> 1860380.9
A52: PERCENTUAL MENSAL (%) | E52: =(E50)/$C50 -> 0.090260331 | F52: =(F50)/$C50 -> 0.099083123 | G52: =(G50)/$C50 -> 0.11308576 | H52: =(H50)/$C50 -> 0.15930265 | I52: =(I50)/$C50 -> 0.2560279 | J52: =(J50)/$C50 -> 0.138745 | K52: =(K50)/$C50 -> 0.077522066 | L52: =(L50)/$C50 -> 0.038967193 | ... N52: =(N50)/$C50 -> 0.0095729301 | O52: =E52+F52+G52+H52+I52+J52+K52+L52+M52+N52 -> 1
A54: TOTAL MENSAL (R$) | E54: =E50 -> 167918.6 | F54: =F50 -> 184332.35 | G54: =G50 -> 210382.6 | H54: =H50 -> 296363.61 | I54: =I50 -> 476309.43 | J54: =J50 -> 258118.56 | K54: =K50 -> 144220.57 | L54: =L50 -> 72493.824 | ... N54: =N50 -> 17809.297 | O54: =E54+F54+G54+H54+I54+J54+K54+L54+M54+N54 -> 1860381
A56: TOTAL MENSAL ACUMULADO (R$) | E56: =E54 -> 167918.6 | F56: =E56+F54 -> 352250.95 | G56: =F56+G54 -> 562633.56 | H56: =G56+H54 -> 858997.17 | I56: =H56+I54 -> 1335306.6 | J56: =I56+J54 -> 1593425.2 | K56: =J56+K54 -> 1737645.7 | L56: =K56+L54 -> 1810139.6 | M56: =L56+M54 -> 1842571.7 | N56: =M56+N54 -> 1860381 | O56: =N56 -> 1860381
A58: PERCENTUAL MENSAL ACUMULADO (%) | E58: =E52 -> 0.090260331 | F58: =E58+F52 -> 0.18934345 | G58: =G52+F58 -> 0.30242922 | H58: =H52+G58 -> 0.46173187 | I58: =I52+H58 -> 0.71775977 | J58: =J52+I58 -> 0.85650477 | K58: =K52+J58 -> 0.93402684 | L58: =L52+K58 -> 0.97299403 | M58: =M52+L58 -> 0.99042707 | N58: =N52+M58 -> 1 | O58: =N58 -> 1
